 Dungeon Crawl Stone Soup version 0.29-a0-1043-g569b05d6ff (webtiles) character file.

Game seed: 13508874367714231818

17 nickcage the Poker (level 2, -4/22 HPs)
             Began as a Merfolk Gladiator on Aug 15, 2022.
             Slain by Natasha (8 damage)
             ... on level 2 of the Dungeon.
             The game lasted 00:01:55 (881 turns).

nickcage the Poker (Merfolk Gladiator)               Turns: 881, Time: 00:01:56

Health: -4/22      AC:  4    Str: 14    XL:     2   Next: 62%
Magic:  2/2        EV: 11    Int:  7    God:
Gold:   35         SH:  7    Dex: 15    Spells: 1/1 levels left

rFire   . . .      SeeInvis .   a - +0 trident
rCold   . . .      Faith    .   j - +0 kite shield
rNeg    . . .      Spirit   .   b - +0 leather armour
rPois   .          Reflect  .   c - +0 helmet
rElec   .          Harm     .   (no cloak)
rCorr   .          Rampage  .   (no gloves)
Will    .....                   (no boots)
Stlth   +.........              (no amulet)
HPRegen 0.07/turn               (no ring)
MPRegen 0.08/turn               (no ring)

@: slowed, very slow
A: (nimble swimmer 2), mertail
a: no special abilities


You were on level 2 of the Dungeon.
You visited 1 branch of the dungeon, and saw 2 of its levels.

You collected 35 gold pieces.

Inventory:

Hand Weapons
 a - a +0 trident (weapon)
Missiles
 d - 3 throwing nets (quivered)
Armour
 b - a +0 leather armour (worn)
 c - a +0 helmet (worn)
 j - a +0 kite shield (worn)
Scrolls
 f - a scroll of poison {unknown}
 g - a scroll of magic mapping {unknown}
 h - a scroll of noise {unknown}
 i - a scroll of teleportation {unknown}
 k - a scroll of identify {unknown}
Potions
 l - a potion of curing {unknown}


   Skills:
 - Level 2.1 Fighting
 + Level 5.2 Polearms
 - Level 2.0 Throwing
 - Level 4.0 Dodging


You had one spell level left.
You didn't know any spells.
Your spell library was empty.

Dungeon Overview and Level Annotations

Branches:
Dungeon (2/15)

Altars:

Annotations:
D:2 Natasha


Innate Abilities, Weirdness & Mutations

((You are very nimble when in or above water. (Stealth+, EV+, Speed+++)))
Your lower body shifts to a powerful aquatic tail in water.


Message History

You miss Natasha.
Natasha is moderately wounded.
Natasha claws you.
You closely miss Natasha.
Natasha is moderately wounded.
Natasha casts a spell at you.
You feel yourself slow down.
You hit Natasha.
Natasha is severely wounded.
Natasha barely misses you. x2
You hit Natasha.
Natasha is severely wounded.
Natasha stares at you and mumbles some strange words.
You resist with significant effort.
Natasha casts a spell.
You closely miss Natasha.
Natasha is severely wounded.
Natasha claws you but does no damage. You block the shadow imp's attack.
You closely miss Natasha.
Natasha is severely wounded.
Natasha barely misses you. You block the shadow imp's attack.
Natasha casts a spell at you. You resist with significant effort.
The shadow imp hits you but does no damage.
You closely miss Natasha.
Natasha is severely wounded.
You block Natasha's attack. The shadow imp hits you.
* * * LOW HITPOINT WARNING * * *
Natasha closely misses you. The shadow imp closely misses you.
You barely miss Natasha.
Natasha is severely wounded.
Natasha completely misses you. You block the shadow imp's attack.
Natasha casts a spell at you. The magic dart hits you.
* * * LOW HITPOINT WARNING * * *
The shadow imp barely misses you.
You barely miss Natasha.
Natasha is severely wounded.
Natasha claws you!
You die...

####...~..~~~≈
##....~~~..≈≈≈≈≈≈~
...~~~~≈≈..≈≈≈~~~~
~~~~≈≈≈≈≈..~~~~.#
≈≈≈≈≈≈≈~~..~....#
≈≈≈≈~~~~8..8....##
~~~~~...8..8......
~......<.......(#
.........5@h..#
.................#
............######
........#.#.#
##?.##.#(.#.#
...##..#....#
......##..### ...
..##


You could see Natasha and a shadow imp (summoned).

Vanquished Creatures
  2 endoplasms (D:1)
  2 giant cockroaches (D:1)
  2 goblins (D:1)
  2 hobgoblins (D:1)
  A quokka (D:1)
  A ball python (D:1)
  3 bats (D:1)
  2 frilled lizards (D:1)
  A kobold (D:1)
16 creatures vanquished.

Notes
Turn   | Place    | Note
-------+----------+-------------------------------------------
     0 | D:1      | nickcage the Merfolk Gladiator began the quest for the Orb.
     0 | D:1      | Reached XP level 1. HP: 16/16 MP: 1/1
   101 | D:1      | Reached XP level 2. HP: 22/22 MP: 2/2
   298 | D:1      | Reached skill level 5 in Polearms
   867 | D:2      | Noticed Natasha
   881 | D:2      | Slain by Natasha

Illustrated notes

Levels and vault maps discovered:
D:1:      eino_arrival_druids_welcome, layout_loops_ring,
          minmay_misc_feat_pillars, minmay_hedge_maze
D:2:      wander_river, layout_rooms, uniq_natasha

Skill      XL: |  1  2 |
---------------+-------+-----
Polearms       | 5 |  5.2
Fighting       | |  2.1
Throwing       | |  2.0
Dodging        | |  4.0

Action                   || total
-------------------------++-------
Melee: Trident           ||    44
Throw: Javelin           ||     1
 Stab: Sleeping          ||     2
Armor: Leather armour    ||     8
Dodge: Dodged            ||    22
Block: Kite shield       ||     5

Table legend: (Time is in decaauts)
 A = Elapsed time spent in this place.
 B = Non-inter-level travel time spent in this place.
 C = Inter-level travel time spent in this place.
 D = Time resting spent in this place.
 E = Time spent auto-exploring this place.
 F = Levels seen in this place.
 G = Mean time per level.
                   A        B        C        D        E       F      G
               +--------+--------+--------+--------+--------+-----+--------+
         Total |    890 |    826 |     64 |      0 |    689 |   2 |  445.0 |
       Dungeon |    890 |    826 |     64 |      0 |    689 |   2 |  445.0 |
               +--------+--------+--------+--------+--------+-----+--------+

Top non-repeatable levels by time:
     D:1: 869 daAuts
     D:2: 21 daAuts
